AoeStats
← 血刃

African Clearing

510597574Analyzed
2v2 RM · 12h ago on Oct 1, 2026· 41m 24s· 4 players
Game mode
Random Map
Map size
Medium (4 player)
Population
200
Speed
Normal
Resources
Standard
Victory
Conquest
Starting age
Dark Age
Ending age
Imperial Age
RankedLock teamsTeams togetherTeam positionsShared explorationLock speedFull tech treeHidden civsTurbo modeCheats
Victory
Defeat
🇩🇪 Inca · Germany
1913
+11
🇧🇷 Ethiopians · Brazil
1723
+19
🇨🇿 Bengalis · Czechia
1792
-15
🇨🇿 Armenians · Czechia
1792
-15
Skull
11:54 Feudal Age
12:55 Loom
13:05 Double-Bit Axe
15:54 Castle Age
22:19 Bow Saw
23:05 Wheelbarrow
25:36 Fletching
25:47 Padded Archer Armor
27:54 Elite Skirmisher
31:14 Bodkin Arrow
33:08 Leather Archer Armor
34:04 Ballistics
39:40 Imperial Age
37:55 Horse Collar
38:45 Town Watch
39:21 Heavy Plow
39:15 Gold Mining
41:40 Chemistry
41:42 Bracer
Nasup
10:43 Feudal Age
11:29 Double-Bit Axe
13:06 Loom
19:37 Castle Age
18:49 Bloodlines
20:06 Town Watch
20:07 Light Cavalry
22:03 Horse Collar
29:59 Wheelbarrow
34:22 Scale Barding Armor
38:16 Imperial Age
36:13 Chain Barding Armor
37:04 Husbandry
37:16 Forging
37:26 Man-at-Arms
37:51 Gambesons
38:29 Scale Mail Armor
39:05 Iron Casting
40:13 Chemistry
38:41 Long Swordsman
39:21 Squires
40:05 Chain Mail Armor
40:07 Two-Handed Swordsman
42:09 Plate Mail Armor
LuckAss105
10:27 Loom
12:13 Feudal Age
16:57 Castle Age
15:01 Double-Bit Axe
16:39 Fletching
17:09 Crossbowman
22:02 Horse Collar
24:17 Bodkin Arrow
25:31 Town Watch
25:59 Padded Archer Armor
28:57 Wheelbarrow
29:15 Scale Mail Armor
32:04 Squires
37:05 Imperial Age
35:16 Chain Mail Armor
35:12 Forging
34:43 Champi Runner
35:19 Gold Mining
35:32 Heavy Plow
35:50 Bow Saw
35:31 Gold Mining
35:41 Champi Warrior
36:39 Hand Cart
36:28 Heavy Plow
37:48 Gold Shaft Mining
37:18 Elite Champi Warrior
38:57 Plate Mail Armor
40:27 Iron Casting
39:51 Arson
40:36 Conscription
40:08 Elite Kamayuk
41:30 Fabric Shields
血刃
9:14 Loom
11:46 Feudal Age
12:35 Double-Bit Axe
13:38 Fletching
23:22 Castle Age
22:42 Gold Mining
23:25 Crossbowman
24:01 Bodkin Arrow
24:30 Bow Saw
24:36 Padded Archer Armor
40:04 Imperial Age
Connection lost

Rejoining the realm…

Still unreachable

The connection could not be restored.

Session expired

The server has moved on; the page needs a fresh start.